 Dungeon Crawl Stone Soup version 0.19-a0-1704-gbd66c22 (webtiles) character file.

375 dobroeutro the Cudgeler (level 6, -5/40 HPs)
             Began as a Gargoyle Fighter on Sept 28, 2016.
             Slain by an ogre
             ... wielding a +0 giant club
              (10 damage)
             ... on level 4 of the Dungeon.
             The game lasted 00:03:38 (2250 turns).

dobroeutro the Cudgeler (Gargoyle Fighter)          Turns: 2250, Time: 00:03:38

Health: -5/40      AC: 15    Str: 21    XL:     6   Next: 72%
Magic:  6/6        EV:  7    Int:  8    God:
Gold:   73         SH:  9    Dex: 10    Spells: 0 memorised, 5 levels left

rFire  . . .     SeeInvis .     a - +0 flail
rCold  . . .     Gourm    .     b - +0 scale mail
rNeg   + . .     Faith    .     c - +0 shield
rPois  ∞         Spirit   .     y - +0 helmet
rElec  +         Dismiss  .     (no cloak)
rCorr  .         Reflect  .     u - +0 pair of gloves
MR     .....     Harm     .     (no boots)
Stlth  ..........               (no amulet)
                                (no ring)
                                (no ring)

@: no status effects
A: negative energy resistance 1, electricity resistance, unbreathing,
petrification resistance, rot immunity, AC +4
a: no special abilities


You were on level 4 of the Dungeon.
You were not hungry.

You visited 1 branch of the dungeon, and saw 4 of its levels.

You collected 73 gold pieces.

Inventory:

Hand Weapons
 a - a +0 flail (weapon)
Armour
 b - a +0 scale mail (worn)
 c - a +0 shield (worn)
 q - a +0 fire dragon armour
 u - a +0 pair of gloves (worn)
 y - a +0 helmet (worn)
Wands
 C - a wand of digging (12/24)
 E - a wand of digging (14/24)
Scrolls
 g - 2 scrolls of amnesia {unknown}
 j - 2 scrolls of enchant armour {unknown}
 k - 2 scrolls of random uselessness {unknown}
 n - 3 scrolls of fog {unknown}
 p - 4 scrolls of remove curse {unknown}
 r - 3 scrolls of identify {unknown}
 s - a scroll of immolation {unknown}
 t - a scroll of magic mapping {unknown}
 x - 2 scrolls of recharging {unknown}
 F - a scroll of teleportation {unknown}
Potions
 d - a potion of might
 e - 2 potions of heal wounds {unknown}
 l - 2 potions of curing {unknown}
 m - a potion of degeneration {unknown}
 v - 2 potions of lignification {unknown}
 w - a potion of invisibility {unknown}
 z - a potion of cancellation {unknown}
 D - a potion of flight {unknown}
Comestibles
 f - 4 bread rations
 h - a beef jerky
 i - a slice of pizza
 o - a royal jelly
 B - a fruit


   Skills:
 + Level 4.8 Fighting
 * Level 5.1 Maces & Flails
 + Level 4.8 Armour
 - Level 3.4 Shields


You had 5 spell levels left.
You didn't know any spells.

Dungeon Overview and Level Annotations

Branches:
Dungeon (4/15)
 Temple: D:4-7

Altars:
Cheibriados
Nemelex Xobeh
Qazlal
Uskayaw


Innate Abilities, Weirdness & Mutations

You are resistant to torment.
Your stone body is resilient. (AC +4)
You are immune to poison.
You resist negative energy. (rN+)
You are resistant to electric shocks. (rElec)
You can survive without breathing.
You are immune to petrification.
You are immune to rotting.


Message History

The ogre shouts!
An ogre is nearby!
An ogre is nearby!
Your scale mail prevents you from hitting the ogre.
The ogre hits you but does no damage.
You barely miss the ogre. The ogre hits you with a giant club!!
Ouch! That really hurt!
You hit the ogre.
The ogre is lightly wounded.
The ogre closely misses you.
You hit the ogre.
The ogre is moderately wounded.
The ogre hits you with a giant club!
* * * LOW HITPOINT WARNING * * *
You are too injured to fight recklessly!
The ogre hits you with a giant club.
* * * LOW HITPOINT WARNING * * *
There is a stone staircase leading up here.
The ogre hits you with a giant club!
You die...

#............###.....#
###................#..#
............<.........#
......................#
##.....#####..........#
##....# #..........##
#.#..# #.##........#
####.## #.###O....##.
### ##.# .## #@...##
##.# #.# #. #.##.# ...#
#.##.# .## ## ...#
##.## .# #### ### .# ##


You could see an ogre.

Vanquished Creatures
  The ghost of braks the Skirmisher, an amateur GrMo (D:3)
  Jessica (D:2)
  Terence (D:3)
  Natasha (thrice) (D:3)
  Robin (D:2)
  4 gnolls (D:3)
  4 adders (D:2)
  3 worms (D:2)
  A dart slug (D:3)
  A leopard gecko (D:2)
  A giant cockroach (D:2)
  22 goblins
  7 hobgoblins
  4 jackals (D:1)
  7 kobolds
  2 quokkas (D:2)
  A ball python (D:1)
  9 bats
  3 frilled lizards
  7 rats
83 creatures vanquished.

Notes
Turn   | Place    | Note
-------+----------+-------------------------------------------
     0 | D:1      | dobroeutro the Gargoyle Fighter began the quest for the Orb.
     0 | D:1      | Reached XP level 1. HP: 14/14 MP: 1/1
   235 | D:1      | Reached XP level 2. HP: 19/19 MP: 2/2
   535 | D:1      | Reached skill level 3 in Maces & Flails
   711 | D:2      | Reached XP level 3. HP: 21/23 MP: 3/3
   779 | D:2      | Reached XP level 4. HP: 19/29 MP: 4/4
   866 | D:2      | Noticed Jessica
   869 | D:2      | Killed Jessica
   938 | D:2      | Found a sparkling altar of Nemelex Xobeh.
   941 | D:2      | Found a hide-covered altar of Uskayaw.
   954 | D:2      | Found a stormy altar of Qazlal.
  1314 | D:2      | Reached XP level 5. HP: 33/33 MP: 5/5
  1535 | D:2      | Reached skill level 4 in Maces & Flails
  1623 | D:3      | Noticed Robin
  1646 | D:3      | Noticed braks's ghost (amateur GrMo)
  1664 | D:2      | Killed Robin
  1692 | D:3      | Killed braks's ghost
  1692 | D:3      | Reached XP level 6. HP: 30/39 MP: 6/6
  1795 | D:3      | Noticed Natasha
  1799 | D:3      | Killed Natasha
  1885 | D:3      | Noticed Natasha
  1896 | D:3      | Killed Natasha
  1896 | D:3      | Reached skill level 5 in Maces & Flails
  1926 | D:3      | Noticed Terence
  1940 | D:3      | Killed Terence
  1990 | D:3      | Noticed Natasha
  1994 | D:3      | Killed Natasha
  2056 | D:3      | Found a snail-covered altar of Cheibriados.
  2219 | D:4      | HP: 1/40 [ogre/giant club (2)]
  2250 | D:4      | Slain by an ogre

Vault maps used:
D:1:      roderic_crossed_star, grunt_decor_mini_mirrors, serial_bayou_pond_d,
          eino_curves_01, glass_columns_a, minmay_misc_feat_columns
D:2:      grunt_temple_overflow_diamond, st_stairs_4, kennysheep_small_spiral,
          uniq_jessica
D:3:      marbit_many_paths, first_bread, grunt_ministairs_7, uniq_natasha,
          uniq_robin, uniq_terence
D:4:      tgw_xom

Skill      XL: |  1  2  3  4  5  6 |
---------------+-------------------+-----
Maces & Flails | 3 4 5 |  5.1
Fighting       | 4 |  4.8
Armour         | 4 |  4.8
Shields        | |  3.4

Action                   |  1- 3 |  4- 6 || total
-------------------------+-------+-------++-------
Melee: Flail             |   136 |   188 ||   324
  Eat: Chunk             |       |     5 ||     5
Armor: Scale mail        |    87 |   124 ||   211
       Fire dragon armou |       |     5 ||     5
Dodge: Dodged            |    53 |    64 ||   117
Block: Shield            |    76 |   119 ||   195
